 Dungeon Crawl Stone Soup version 0.25.1-2-g60ff931df9 (webtiles) character file.

Game seed: 10616057554488771097

400 Elvor the Covered (level 6, -6/56 HPs)
             Began as a Minotaur Fighter on Aug 26, 2020.
             Mangled by a mummy (10 damage)
             ... in an ossuary.
             The game lasted 00:23:10 (2612 turns).

Elvor the Covered (Minotaur Fighter)                Turns: 2612, Time: 00:23:10

Health: -6/56      AC: 11    Str: 23    XL:     6   Next: 54%
Magic:  5/5        EV:  6    Int:  5    God:
Gold:   176        SH: 10    Dex:  9    Spells: 5/5 levels left

rFire    . . .     SeeInvis .   b - +0 morningstar
rCold    . . .     Gourm    .   c - +0 kite shield
rNeg     . . .     Faith    .   s - +0 chain mail
rPois    .         Spirit   .   (helmet restricted)
rElec    .         Reflect  .   (no cloak)
rCorr    .         Harm     .   q - +0 pair of gloves
MR       .....                  (no boots)
Stlth    ..........             (no amulet)
HPRegen  0.18/turn              (no ring)
MPRegen  0.09/turn              (no ring)

@: marked
A: retaliatory headbutt, horns 2
a: no special abilities


You were in an ossuary.
You were not hungry.

You visited 1 branch of the dungeon, and saw 4 of its levels.
You also visited: Ossuary.

You collected 176 gold pieces.

Inventory:

Hand Weapons
 a - a +0 flail
 b - a +0 morningstar (weapon)
 m - a +0 vampiric halberd
Missiles
 e - 31 poisoned darts (quivered)
Armour
 c - a +0 kite shield (worn)
 q - a +0 pair of gloves (worn)
 s - a +0 chain mail (worn)
Scrolls
 g - a scroll of blinking {unknown}
 h - 2 scrolls of magic mapping {unknown}
 j - 2 scrolls of identify {unknown}
 l - a scroll of enchant armour {unknown}
 n - 2 scrolls of amnesia {unknown}
 p - a scroll of teleportation {unknown}
Potions
 d - 3 potions of might
 k - a potion of curing {unknown}
 o - a potion of stabbing {unknown}
Comestibles
 f - 9 rations
 r - a chunk of flesh


   Skills:
 + Level 5.0 Fighting
 + Level 5.0 Maces & Flails
 + Level 5.4 Armour
 + Level 1.2 Dodging
 + Level 5.3 Shields


You had 5 spell levels left.
You didn't know any spells.
Your spell library contained the following spells:

 Spells                   Type           Power        Failure   Level  Hunger
 Animate Skeleton         Necr           N/A          100%        1    ##.....
 Apportation              Tloc           #.....       100%        1    ##.....
 Corona                   Hex            #......      100%        1    ##.....
 Summon Small Mammal      Summ           #...         100%        1    ##.....


Dungeon Overview and Level Annotations

Branches:
Dungeon (4/15)            Ossuary (1/1)
 Temple: D:4-7

Altars:
Ru


Innate Abilities, Weirdness & Mutations

You reflexively headbutt those who attack you in melee.
You have a pair of horns on your head.


Message History

You puncture the mummy! Your headbutt misses the mummy.
The mummy is severely damaged.
You block the mummy's attack. The mummy hits you.
* * * LOW HITPOINT WARNING * * *
You sock the mummy!
You destroy the mummy!
Your Maces & Flails skill increases to level 5!
You block the mummy's attack.
You sock the mummy!
The mummy is moderately damaged.
You block the mummy's attack. The mummy barely misses you.
The mummy closely misses you.
You barely miss the mummy.
The mummy is moderately damaged.
You block the mummy's attack. The mummy hits you but does no damage.
You impale the mummy!!
You destroy the mummy!
Your Fighting skill increases to level 5!
The mummy hits you!
You die...

#########
###########.#.#(#.#.
##.....(......^......
#....................
#.....∩.∩......^.M...
#...MM.........^.....
##..@........^.......
###########(#.#.#.#.
##########


You could see 2 mummies.

Vanquished Creatures
  3 centaur zombies (Ossuary)
  A hound (D:3)
  An orc wizard (D:4)
  An iguana (D:4)
  A worker ant (D:4)
  4 mummies (Ossuary)
  A gnoll (D:3)
  4 adders
  A dart slug (D:3)
  3 leopard geckos (D:1)
  12 orcs
  6 bats
  3 giant cockroaches
  8 goblins
  13 hobgoblins
  A quokka (D:3)
  8 frilled lizards
  A hobgoblin zombie (Ossuary)
  10 kobolds
  5 rats
87 creatures vanquished.

Notes
Turn   | Place    | Note
-------+----------+-------------------------------------------
     0 | D:1      | Elvor the Minotaur Fighter began the quest for the Orb.
     0 | D:1      | Reached XP level 1. HP: 19/19 MP: 0/0
   302 | D:1      | Reached XP level 2. HP: 27/27 MP: 1/1
   943 | D:2      | Reached XP level 3. HP: 33/33 MP: 2/2
  1384 | D:2      | Found a sacrificial altar of Ru.
  1734 | D:3      | Reached XP level 4. HP: 6/41 MP: 3/3
  1747 | D:3      | HP: 1/41 [orc/+0 mace (6)]
  2259 | D:3      | Reached XP level 5. HP: 40/47 MP: 4/4
  2486 | D:4      | Reached skill level 5 in Shields
  2499 | D:4      | Reached skill level 1 in Dodging
  2555 | D:4      | Found a sand-covered staircase.
  2559 | Ossuary  | Entered an ossuary
  2563 | Ossuary  | Reached skill level 5 in Armour
  2563 | Ossuary  | Reached XP level 6. HP: 25/55 MP: 5/5
  2582 | Ossuary  | HP: 1/55 [mummy (9)]
  2609 | Ossuary  | Reached skill level 5 in Maces & Flails
  2612 | Ossuary  | Reached skill level 5 in Fighting
  2612 | Ossuary  | Mangled by a mummy

Illustrated notes

Levels and vault maps discovered:
D:1:      dpeg_arrival_boxes_within_box, layout_loops_corners
D:2:      layout_loops_ring, lemuel_doored_altar
D:3:      layout_basic, minmay_fractal_squares_5
D:4:      layout_basic, lightli_ossuary_entry_decrepit_ruins,
          gammafunk_ghost_grave, st_stairs_14, nicolae_tso_swordbearing_angel
Ossuary:  ossuary_the_hunt_dpeg

Skill      XL: |  1  2  3  4  5  6 |
---------------+-------------------+-----
Fighting       | 4 5 |  5.0
Armour         | 4 5 |  5.4
Shields        | 4 5 |  5.3
Maces & Flails | 3 4 5 |  5.0
Dodging        | 1 |  1.2

Action                   |  1- 3 |  4- 6 || total
-------------------------+-------+-------++-------
Melee: Flail             |   144 |    60 ||   204
       Headbutt          |    15 |    14 ||    29
       Morningstar       |       |    50 ||    50
Throw: Dart              |       |     8 ||     8
       Throwing net      |       |     2 ||     2
  Eat: Chunk             |     3 |     3 ||     6
Armor: Scale mail        |    60 |    24 ||    84
       Chain mail        |       |    17 ||    17
Dodge: Dodged            |    34 |    42 ||    76
Block: Kite shield       |    80 |    63 ||   143
